 Dungeon Crawl Stone Soup version 0.24-a0-130-ga3c21ff (webtiles) character file.

Game seed: 11662934238230065889

106 Inarius the Chiller (level 4, -3/18 HPs)
             Began as a Felid Ice Elementalist on Feb 26, 2019.
             Killed from afar by an orc wizard (8 damage)
             ... with a puff of flame
             ... on level 3 of the Dungeon.
             The game lasted 00:08:50 (5633 turns).

Inarius the Chiller (Felid Ice Elementalist)        Turns: 5633, Time: 00:08:51

Health: -3/18      AC:  1    Str:  4    XL:     4   Next: 55%
Magic:  4/9        EV: 18    Int: 18    God:
Gold:   207        SH:  0    Dex: 16    Spells: 1/8 levels left
                                        Lives:  0   Deaths: 1

rFire    . . .     SeeInvis +   (weapon unavailable)
rCold    . . .     Gourm    .   (shield unavailable)
rNeg     . . .     Faith    .   (armour unavailable)
rPois    .         Spirit   .   (helmet unavailable)
rElec    .         Reflect  .   (cloak unavailable)
rCorr    .         Harm     .   (gloves unavailable)
MR       .....                  (boots unavailable)
Stlth    +++.......             (no amulet)
HPRegen  0.06/turn              (no ring)
MPRegen  0.11/turn              (no ring)

@: quick
A: very small, no armour, no weapons or thrown items, stealth, claws 1, fangs 3,
see invisible, carnivore, speed 1, shaggy fur 1, slow metabolism 1, sharp paws
a: no special abilities


You were on level 3 of the Dungeon.
You were very full.

You visited 1 branch of the dungeon, and saw 3 of its levels.

You collected 207 gold pieces.

Inventory:

Wands
 d - a wand of digging (6)
Scrolls
 a - 3 scrolls of identify
 c - 2 scrolls of teleportation
 f - a scroll of enchant armour {unknown}
 g - 2 scrolls of immolation {unknown}
Potions
 e - a potion of heal wounds {unknown}
 h - a potion of lignification {unknown}
 i - a potion of agility {unknown}
 k - a potion of flight {unknown}
Comestibles
 b - 5 rations


   Skills:
 + Level 3.2 Dodging
 + Level 4.1 Stealth
 + Level 0.9 Unarmed Combat
 + Level 2.8 Spellcasting
 * Level 1.2 Conjurations
 * Level 4.2 Ice Magic


You had one spell level left.
You knew the following spells:

 Your Spells              Type           Power        Failure   Level  Hunger
a - Freeze                Ice            ###.         3%          1    None
b - Throw Frost           Conj/Ice       ##....       9%          2    ##.....
c - Throw Icicle          Conj/Ice       ##......     47%         4    ####...

Your spell library contained the following spells:

 Spells                   Type           Power        Failure   Level  Hunger
 Ozocubu's Armour         Chrm/Ice       ##......     22%         3    ###....
 Summon Ice Beast         Ice/Summ       ##......     56%         4    ####...


Dungeon Overview and Level Annotations

Branches:
Dungeon (3/15)

Altars:
Dithmenos


Innate Abilities, Weirdness & Mutations

You cannot wear armour.
You are incapable of wielding weapons or throwing items.
Your paws allow you to move quietly. (Stealth)
You have sharp claws.
You have razor-sharp teeth.
You have supernaturally acute eyesight. (SInv)
You are carnivorous and can eat meat at any time.
You cover ground quickly.
You are covered in fur. (AC +1)
You have a slow metabolism.
Your sharp claws are effective at attacking unaware monsters.


Message History

Confirm with . or Enter, or press ? or * to list all spells.
Aiming: Freeze (safe; 3% risk of failure)
Press: ? - help, Shift-Dir - straight line, f/p - orc wizard
Aim: an orc wizard, wielding a +0 dagger and wearing a +0 robe (moderately wounded, fast)
You freeze the orc wizard.
The orc wizard is heavily wounded.
The orc wizard points at you and mumbles some strange words.
The puff of frost hits you!
Ouch! That really hurt!
* * * LOW HITPOINT WARNING * * *
Casting: Freeze (safe; 3% risk of failure)
Confirm with . or Enter, or press ? or * to list all spells.
Aiming: Freeze (safe; 3% risk of failure)
Press: ? - help, Shift-Dir - straight line, f/p - orc wizard
Aim: an orc wizard, wielding a +0 dagger and wearing a +0 robe (heavily wounded, fast)
You freeze the orc wizard.
The orc wizard is almost dead.
The orc wizard points at you and mumbles some strange words.
The puff of flame hits you!
You die...

..# #.# #.....#)#...o.. #.## #.#
#####รท._..##### #..# #.# ###.#.#
##.###.# ###### #.#.#### ....##.#
#....# #.#....# ##...#.# #.##.#
#...##.# ##...#.###.##.#
####.##.# ...........##.####
#.......# ###..#.#####...o@#
#.#...###
#....#.)....##########.#.....##
##.#.#....[.........##.........
#.#.#..###.#######.####.....##
#.#.#......# ##...........#
#...#....### #.....#...##.#
#####..##...# ######.#..........#
...........###........#..(......#
......>..........######.....##.##


You could see an orc wizard.

Vanquished Creatures
  An orc priest (D:3)
  Natasha (D:2)
  3 adders (D:2)
  An ooze (D:3)
  2 worms
  2 dart slugs
  2 leopard geckos (D:3)
  6 orcs (D:3)
  14 bats
  5 giant cockroaches
  5 goblins
  6 hobgoblins
  10 jackals
  5 kobolds
  2 frilled lizards
  7 rats
72 creatures vanquished.

Notes
Turn   | Place    | Note
-------+----------+-------------------------------------------
     0 | D:1      | Inarius the Felid Ice Elementalist began the quest for the
                  | Orb.
     0 | D:1      | Reached XP level 1. HP: 7/7 MP: 4/4
   735 | D:1      | Reached XP level 2. HP: 11/11 MP: 4/6
  2003 | D:2      | Reached XP level 3. HP: 10/14 MP: 4/7
  2090 | D:2      | Learned a level 2 spell: Throw Frost
  2511 | D:2      | Reached skill level 1 in Conjurations
  2704 | D:2      | Noticed Natasha
  3471 | D:2      | Reached XP level 4. HP: 18/18 MP: 1/8
  3793 | D:2      | Killed Natasha
  4417 | D:3      | Learned a level 4 spell: Throw Icicle
  4441 | D:3      | Found a shadowy altar of Dithmenos.
  5141 | D:3      | Reached XP level 5. HP: 20/21 MP: 6/10
  5352 | D:3      | Killed from afar by an orc wizard
  5353 | D:3      | Reached XP level 4. HP: -3/18 MP: 5/9
  5633 | D:3      | Killed from afar by an orc wizard

Levels and vault maps discovered:
D:1:      saegor_arrival_simple_e, layout_basic, st_stairs_12
D:2:      layout_rooms, serial_corexii_hall, chequers_hall_statues_wall_a,
          chequers_hall_statues_wall_a, chequers_hall_statues_wall_a,
          corexii_hall_statues_i, uniq_natasha
D:3:      layout_basic, lemuel_crystal_altar

Skill      XL: |  1  2  3  4 |
---------------+-------------+-----
Ice Magic      | 3 4 |  4.2
Stealth        | 3 4 |  4.1
Conjurations   | 1 |  1.2
Dodging        | 3 |  3.2
Unarmed Combat | |  0.9
Spellcasting   | |  2.8

Action                   |  1- 3 |  4- 6 || total
-------------------------+-------+-------++-------
Melee: Unarmed           |    34 |    59 ||    93
       Bite              |       |    11 ||    11
 Cast: Freeze            |    40 |    33 ||    73
       Throw Frost       |    25 |    34 ||    59
  Use: Scroll            |       |     2 ||     2
       Potion            |       |     1 ||     1
 Stab: Sleeping          |     3 |     1 ||     4
  Eat: Chunk             |    14 |    11 ||    25
Armor: Skin              |     7 |     5 ||    12
Dodge: Dodged            |    76 |    68 ||   144

Table legend:
 A = Non-vault XP
 B = Vault XP
 C = Vault XP percentage of total XP
 D = Non-vault monster count
 E = Vault monster count
 F = Vault count percentage of total count
                 A         B        C        D         E       F
            +---------+---------+-------+---------+---------+-------
      Total |     219 |      38 |  14.8 |      70 |       2 |   2.8
            +---------+---------+-------+---------+---------+-------
        D:1 |      21 |       2 |   8.7 |      13 |       1 |   7.1
        D:2 |      81 |      36 |  30.8 |      26 |       1 |   3.7
        D:3 |     117 |       0 |   0.0 |      31 |       0 |   0.0
            +---------+---------+-------+---------+---------+-------
